Map: [ESL] Alcyone

Players

ShaDoWn - Winner!

  • Race: Protoss Protoss
  • Spawn Location: 1:00

MaNa

  • Race: Protoss Protoss
  • Spawn Location: 7:00

Event: ESL Spring 2024 Finals

VOD

Have the link to the VOD?

Description

Time

  • Played on: May 31, 2024, 11:32 a.m.
  • Length: 9:50

All games in this series

Show
View Real Time Build Order
Export as new Build Order

ShaDoWn Protoss - Winner!

Build Orders: Phoenix Opening 

Get SALT Encoding   

  12  0:00  Probe  
  13  0:12  Probe  
  14  0:17  Pylon  
  14  0:24  Probe  
  15  0:37  Gateway  
  15  0:38  Probe (Chrono Boost)  
  16  0:47  Assimilator  
  16  0:48  Probe (Chrono Boost)  
  17  0:52  Probe (Chrono Boost)  
  18  1:04  Probe (Chrono Boost)  
  18  1:06  Assimilator  
  18  1:09  Gateway  
  19  1:15  Probe (Chrono Boost)  
  20  1:19  Probe (Chrono Boost)  
  20  1:25  Cybernetics Core  
  21  1:30  Probe  
  22  1:42  Probe  
  22  1:46  Pylon  
  23  2:02  Warp Gate  
  23  2:04  Stalker, Probe  
  23  2:07  Sentry  
  28  2:13  Pylon  
  28  2:18  Probe  
  29  2:30  Probe  
  30  2:38  Phoenix  
  30  2:42  Probe  
  30  2:43  Sentry x2  
  35  2:55  Probe  
  35  2:57  Nexus  
  36  3:00  Pylon  
  36  3:07  Probe  
  36  3:09  Robotics Facility  
  37  3:17  Stalker, Phoenix  
  37  3:19  Probe  
  40  3:31  Probe  
  40  3:43  Probe  
  40  3:46  Phoenix  
  41  3:55  Probe  
  41  3:58  Stalker x2  
  46  4:09  Probe  
  47  4:10  Nexus  
  47  4:17  Probe  
  47  4:21  Probe  
  47  4:23  Pylon  
  49  4:29  Probe  
  50  4:36  Stalker x2  
  54  4:41  Probe x2  
  56  4:47  Pylon  
  56  4:52  Immortal (Chrono Boost)  
  60  4:53  Probe (Chrono Boost)  
  60  4:59  Probe (Chrono Boost)  
  62  5:05  Probe (Chrono Boost)  
  62  5:06  Shield Battery  
  62  5:08  Forge  
  62  5:10  Probe (Chrono Boost)  
  62  5:12  Probe (Chrono Boost)  
  64  5:15  Probe (Chrono Boost)  
  64  5:16  Assimilator  
  66  5:21  Probe (Chrono Boost)  
  66  5:22  Assimilator  
  66  5:24  Probe (Chrono Boost)  
  66  5:25  Observer (Chrono Boost)  
  69  5:29  Probe (Chrono Boost)  
  69  5:32  Probe (Chrono Boost)  
  69  5:34  Twilight Council  
  72  5:37  Probe x2 (Chrono Boost)  
  72  5:39  Probe (Chrono Boost)  
  72  5:41  Probe (Chrono Boost), Protoss Ground Weapons Level 1  
  73  5:44  Probe x2 (Chrono Boost)  
  73  5:48  Immortal (Chrono Boost)  
  80  5:51  Probe  
  80  5:56  Probe  
  82  5:58  Pylon  
  82  6:01  Pylon  
  83  6:08  Gateway  
  83  6:10  Gateway  
  84  6:12  Stalker  
  84  6:14  Photon Cannon  
  84  6:15  Photon Cannon  
  84  6:20  Photon Cannon  
  84  6:23  Photon Cannon  
  84  6:27  Sentry  
  84  6:29  Photon Cannon  
  84  6:31  Shield Battery  
  86  6:36  Pylon  
  86  6:40  Immortal (Chrono Boost)  
  86  6:42  Stalker  
  90  6:47  Probe  
  90  6:52  Sentry, Photon Cannon  
  91  6:56  Gateway  
  91  7:04  Stalker x2  
  91  7:07  Stalker  
  92  7:10  Probe x2  
  92  7:15  Blink (Chrono Boost)  
  88  7:20  Probe  
  90  7:22  Probe  
  90  7:24  Stalker  
  90  7:25  Probe  
  90  7:27  Stalker x2  
  91  7:39  Probe  
  91  7:40  Stalker  
  91  7:41  Probe  
  91  7:43  Probe  
  84  7:51  Probe  
  84  7:53  Probe  
  84  7:55  Probe  
  84  7:56  Warp Prism  
  84  7:57  Pylon  
  89  7:59  Stalker  
  89  8:00  Stalker  
  93  8:06  Stalker  
  93  8:11  Gateway  
  93  8:12  Stalker  
  97  8:13  Gateway  
  97  8:14  Stalker  
  99  8:25  Stalker x2  
  103  8:31  Stalker  
  102  8:39  Stalker x2  
  106  8:44  Probe  
  106  8:47  Probe  
  108  8:49  Probe  
  108  8:52  Stalker x2  
  113  8:57  Gateway  
  113  9:00  Pylon  
  113  9:02  Stalker  
  115  9:03  Stalker  
  115  9:06  Pylon  
  117  9:17  Nexus  
  117  9:18  Pylon  
  117  9:21  Stalker  
  117  9:22  Stalker x3  
  125  9:28  Stalker x2  
  129  9:40  Stalker  
  131  9:48  Stalker  
Show
View Real Time Build Order
Export as new Build Order

MaNa Protoss 

Build Orders: Oracle Opening 

Get SALT Encoding   

  12  0:00  Probe  
  13  0:12  Probe  
  14  0:17  Pylon  
  14  0:24  Probe (Chrono Boost)  
  15  0:36  Gateway, Probe (Chrono Boost)  
  16  0:44  Probe (Chrono Boost)  
  16  0:46  Assimilator  
  17  0:50  Probe  
  18  1:03  Probe (Chrono Boost)  
  19  1:04  Assimilator  
  19  1:11  Gateway  
  20  1:12  Probe (Chrono Boost)  
  20  1:17  Probe (Chrono Boost)  
  20  1:24  Cybernetics Core  
  21  1:29  Probe  
  22  1:33  Pylon  
  22  1:41  Probe  
  23  1:53  Probe  
  24  2:00  Stargate  
  24  2:04  Stalker  
  24  2:06  Probe  
  27  2:14  Pylon  
  27  2:16  Warp Gate  
  27  2:38  Probe  
  27  2:39  Pylon  
  27  2:40  Oracle (Chrono Boost)  
  30  2:50  Probe  
  31  2:51  Stalker  
  33  3:02  Nexus  
  33  3:09  Stalker  
  35  3:18  Robotics Facility  
  35  3:24  Probe  
  36  3:36  Probe  
  38  3:48  Probe  
  38  3:55  Pylon  
  38  4:00  Probe  
  39  4:10  Immortal (Chrono Boost)  
  39  4:14  Twilight Council  
  39  4:15  Probe x2  
  45  4:27  Probe x2  
  45  4:28  Sentry  
  49  4:39  Probe x2 (Chrono Boost)  
  51  4:46  Immortal  
  51  4:48  Resonating Glaives (Chrono Boost)  
  51  4:51  Probe x2 (Chrono Boost)  
  57  4:57  Probe x2 (Chrono Boost)  
  57  4:59  Pylon  
  59  5:06  Adept  
  62  5:09  Pylon  
  62  5:12  Gateway  
  62  5:13  Gateway  
  61  5:18  Gateway  
  61  5:20  Sentry  
  63  5:22  Warp Prism (Chrono Boost)  
  65  5:31  Adept  
  67  5:44  Adept  
  67  5:46  Gateway  
  69  5:50  Gateway  
  69  5:51  Adept  
  71  5:58  Pylon  
  71  6:08  Adept  
  71  6:09  Adept x2, Pylon  
  71  6:10  Pylon  
  77  6:22  Pylon  
  77  6:25  Adept x2  
  77  6:28  Adept  
  77  6:29  Adept x2  
  77  6:50  Adept x2  
  77  6:51  Adept x5  
  62  7:16  Adept x2  
  62  7:17  Adept x5  
  74  7:27  Assimilator  
  70  7:39  Adept x6  
  70  7:42  Adept  
  60  7:59  Adept x5  
  60  8:02  Adept  
  72  8:15  Immortal  
  76  8:26  Adept x4  
  80  8:27  Zealot x3  
  76  8:48  Adept x5  
  78  8:53  Adept x2  
  78  9:05  Immortal  
  82  9:20  Adept x4  
Tags
 
Add a new tag
Caveats
  • Supply blocks, unpowered buildings, or Contaminate may cause inaccurate times.
  • Supply counts are checked every 10 seconds.